 Dungeon Crawl Stone Soup version 0.28.0-45-g0d030f2227 (webtiles) character file.

Game seed: 16346829234675839697

62 zeratav the Insei (level 4, -3/29 HPs)
             Began as an Octopode Transmuter on Apr 5, 2022.
             Slain by a worm (5 damage)
             ... on level 2 of the Dungeon.
             The game lasted 00:03:59 (2113 turns).

zeratav the Insei (Octopode Transmuter)             Turns: 2113, Time: 00:04:00

Health: -3/29      AC:  1    Str: 11    XL:     4   Next: 8%
Magic:  7/7        EV: 13    Int: 21    God:
Gold:   68         SH:  0    Dex: 16    Spells: 6/7 levels left

rFire   . . .      SeeInvis .   i - +3 short sword "Jellyslayer" {holy, Dex+4}
rCold   . . .      Faith    .   (no shield)
rNeg    . . .      Spirit   .   (helmet restricted)
rPois   .          Reflect  .   (no amulet)
rElec   .          Harm     .   b - +6 ring of intelligence
rCorr   .          Rampage  .   (no ring)
Will    .....                   (no ring)
Stlth   ++........              (no ring)
HPRegen 0.09/turn               (no ring)
MPRegen 0.10/turn               (no ring)
                                (no ring)
                                (no ring)

@: no status effects
A: almost no armour, amphibious, 8 rings, camouflage 1, gelatinous body 1,
(nimble swimmer 1), tentacles
a: no special abilities


You were on level 2 of the Dungeon.
You visited 1 branch of the dungeon, and saw 2 of its levels.

You collected 68 gold pieces.

Inventory:

Hand Weapons
 i - the +3 short sword "Jellyslayer" (weapon) {holy, Dex+4}
   (You found it on level 2 of the Dungeon)

   It has been blessed by the Shining One to cause great damage to the undead
   and demons.
   Dex:       It affects your dexterity (+4).
Missiles
 e - 3 silver javelins
Jewellery
 b - a +6 ring of intelligence (left tentacle)
Scrolls
 a - a scroll of immolation {unknown}
 c - a scroll of identify {unknown}
 f - a scroll of silence {unknown}
 g - a scroll of enchant armour {unknown}
 h - a scroll of brand weapon {unknown}
 j - a scroll of amnesia {unknown}
 k - a scroll of teleportation {unknown}
Potions
 d - a potion of curing {unknown}


   Skills:
 * Level 2.2 Fighting
 + Level 2.3 Dodging
 * Level 3.4 Unarmed Combat
 + Level 2.2 Spellcasting
 + Level 2.3 Transmutations
 + Level 0.7 Ice Magic


You had 6 spell levels left.
You knew the following spells:

 Your Spells              Type           Power      Damage    Failure   Level
a - Beastly Appendage     Tmut           24%        N/A       5%          1

Your spell library contained the following spells:

 Spells                   Type           Power      Damage    Failure   Level
 Wereblood                Tmut           12%        N/A       9%          2
 Scorch                   Fire           4%         2d5       22%         2
 Spider Form              Tmut/Pois      7%         N/A       26%         3
 Ice Form                 Ice/Tmut       8%         N/A       58%         4
 Flame Wave               Conj/Fire      2%         2d4       82%         4
 Summon Cactus Giant      Summ           1%         N/A       100%        6


Dungeon Overview and Level Annotations

Branches:
Dungeon (2/15)

Altars:


Innate Abilities, Weirdness & Mutations

You cannot wear most types of armour.
You are amphibious.
You can wear up to eight rings at the same time.
Your skin changes colour to match your surroundings (Stealth+).
Your rubbery body absorbs attacks. (AC +1, EV +1)
((You are camouflaged when in or above water. (Stealth+)))
You have tentacles for arms and can constrict up to eight enemies at once.


Message History

You barely miss the worm. You grab the worm. You constrict the worm.
You hit the worm but do no damage.
The worm is lightly wounded.
You constrict the worm.
The adder hisses angrily.
The worm closely misses you.
You release your grip on the worm.
A hobgoblin comes into view.
The adder closely misses you. The adder bites you.
You hit the adder. Your grab misses the adder.
The adder is moderately wounded.
The adder misses you.
You miss the adder. Your grab misses the adder.
The adder is moderately wounded.
The adder bites you.
You hit the adder. You grab the adder. Your squeeze misses the adder.
The adder is moderately wounded.
You constrict the adder. The adder misses you. The adder closely misses you.
You hit the adder. You squeeze the adder.
The adder is almost dead.
You constrict the adder.
You kill the adder!
You have reached level 4!
You barely miss the worm. You grab the worm. You constrict the worm.
You hit the worm.
The worm is moderately wounded.
You constrict the worm. The worm barely misses you.
You barely miss the worm.
The worm is moderately wounded.
You constrict the worm.
The hobgoblin shouts!
You hit the worm.
The worm is heavily wounded.
You constrict the worm. The worm bites you!
* * * LOW HITPOINT WARNING * * *
You hit the worm. You squeeze the worm, but do no damage.
The worm is severely wounded.
You constrict the worm. The worm bites you.
You die...

.# #.. ........ # .# #..
##..#....##g# .##
#.......#....?..# ..#
#.##.##.##.g.# ..#
#.......##.### ..#
#.....#.##.####.# ..#####
#.....#.#.......#
......####.....#.#.g...###
............#.##@w...♣.♣
......####.......#....^..
..##### #.##.##.#...♣.♣#♣
...# #.##.##.####### ...#
#.##.##.#
...#######.##.##.#
........##.......#
##.####.#####.####
##.####.### #.#


You could see a worm and a hobgoblin.

Vanquished Creatures
  2 adders (D:2)
  A worm (D:2)
  3 dart slugs (D:1)
  An endoplasm (D:1)
  3 goblins (D:2)
  4 hobgoblins
  4 jackals (D:1)
  5 kobolds (D:1)
  A quokka (D:2)
  2 ball pythons
  6 bats
  A frilled lizard (D:2)
  A rat (D:1)
34 creatures vanquished.

Vanquished Creatures (others)
  A quokka (D:1)
1 creature vanquished.

Grand Total: 35 creatures vanquished

Notes
Turn   | Place    | Note
-------+----------+-------------------------------------------
     0 | D:1      | zeratav the Octopode Transmuter began the quest for the
                  | Orb.
     0 | D:1      | Reached XP level 1. HP: 13/13 MP: 3/3
   117 | D:1      | Reached XP level 2. HP: 11/18 MP: 5/5
   938 | D:1      | Reached XP level 3. HP: 23/23 MP: 6/6
  1484 | D:1      | Found a faded altar of an unknown god.
  1661 | D:2      | Identified the +3 short sword "Jellyslayer" {holy, Dex+4}
  2109 | D:2      | Reached XP level 4. HP: 12/29 MP: 7/7
  2113 | D:2      | Slain by a worm

Illustrated notes

Levels and vault maps discovered:
D:1:      sevenhm_arrival_forest_fort_large_2, layout_basic,
          shapermc_ecumenical_altar_acropolis, kennysheep_minor_cross,
          minmay_quantized
D:2:      layout_loops_cross, serial_forest, infiniplex_forest_lined_3,
          infiniplex_forest_lined_corner, infiniplex_forest_end_1,
          infiniplex_forest_straight_1, infiniplex_forest_lined_2,
          infiniplex_forest_clump_small

Skill      XL: |  1  2  3 |
---------------+----------+-----
Fighting       | 2 |  2.2
Dodging        | |  2.3
Unarmed Combat | |  3.4
Spellcasting   | |  2.2
Transmutations | |  2.3
Ice Magic      | |  0.7

Action                   |  1- 3 |  4- 6 || total
-------------------------+-------+-------++-------
Melee: Unarmed           |     9 |       ||     9
       Constrict         |    19 |     1 ||    20
       Kick              |     3 |       ||     3
       Tentacles         |    15 |     1 ||    16
       Staff             |    50 |       ||    50
       Punch             |     3 |       ||     3
       Short sword       |    18 |     5 ||    23
 Cast: Beastly Appendage |     7 |       ||     7
 Stab: Sleeping          |    10 |       ||    10
Armor: Skin              |     6 |       ||     6
Dodge: Dodged            |    45 |     1 ||    46
